 Dungeon Crawl Stone Soup version 0.23-a0-586-gacb4b3f4ce (webtiles) character file.

372 AnimeWaifu the Grave Robber (level 6, -3/27 HPs)
             Began as a Felid Necromancer on Dec 18, 2018.
             Killed from afar by Blork the orc (9 damage)
             ... with a magic dart
             ... on level 4 of the Dungeon.
             The game lasted 00:11:47 (5494 turns).

AnimeWaifu the Grave Robber (Felid Necromancer)     Turns: 5494, Time: 00:11:48

Health: -3/27      AC:  2    Str:  4    XL:     6   Next: 43%
Magic:  8/12       EV: 21    Int: 16    God:
Gold:   154        SH:  0    Dex: 19    Spells: 2/11 levels left
                                        Lives:  0   Deaths: 1

rFire    . . .     SeeInvis +     - Unarmed
rCold    . . .     Gourm    .   (shield unavailable)
rNeg     . . .     Faith    .   (armour unavailable)
rPois    .         Spirit   .   (helmet unavailable)
rElec    .         Reflect  .   (cloak unavailable)
rCorr    .         Harm     .   (gloves unavailable)
MR       .....                  (boots unavailable)
Stlth    +++.......             (no amulet)
HPRegen  0.09/turn              (no ring)
MPRegen  0.13/turn              (no ring)

@: quick
A: very small, no armour, no weapons or thrown items, stealth, claws 1, fangs 3,
see invisible, carnivore, speed 1, shaggy fur 2, slow metabolism 1, sharp paws
a: no special abilities


You were on level 4 of the Dungeon.
You were very full.

You visited 1 branch of the dungeon, and saw 4 of its levels.
You also visited: Sewer.

You collected 154 gold pieces.

Inventory:

Jewellery
 g - a +3 ring of intelligence {unknown}
 l - an uncursed ring of poison resistance {unknown}
Wands
 a - a wand of paralysis (2)
Scrolls
 k - a scroll of teleportation
 p - 2 scrolls of fog
 q - 2 scrolls of magic mapping
 r - a scroll of fear
Potions
 c - 3 potions of curing {unknown}
 d - 2 potions of mutation {unknown}
 e - a potion of lignification {unknown}
 f - 6 potions of heal wounds
 h - a potion of agility {unknown}
 i - a potion of haste {unknown}
 j - 3 potions of might {unknown}
 n - 3 potions of magic {unknown}
Comestibles
 b - 9 rations


   Skills:
 + Level 2.8 Fighting
 + Level 4.8 Dodging
 - Level 2.6 Stealth
 + Level 2.7 Unarmed Combat
 + Level 3.4 Spellcasting
 * Level 6.1 Necromancy


You had 2 spell levels left.
You knew the following spells:

 Your Spells              Type           Power        Failure   Level  Hunger
a - Pain                  Necr           ###.         1%          1    None
b - Animate Skeleton      Necr           N/A          1%          1    None
c - Vampiric Draining     Necr           ###.......   4%          3    ###....
d - Animate Dead          Necr           N/A          14%         4    ####...

Your spell library contained the following spells:

 Spells                   Type           Power        Failure   Level  Hunger
 Regeneration             Chrm/Necr      ##........   16%         3    ###....


Dungeon Overview and Level Annotations

Branches:
Dungeon (4/15)
 Temple: D:4-7

Altars:
Elyvilon
Okawaru
Vehumet

Annotations:
D:4 Blork the orc


Innate Abilities, Weirdness & Mutations

You cannot wear armour.
You are incapable of wielding weapons or throwing items.
Your paws allow you to move quietly. (Stealth)
You have sharp claws.
You have razor-sharp teeth.
You have supernaturally acute eyesight. (SInv)
You are carnivorous and can eat meat at any time.
You cover ground quickly.
You are covered in thick fur. (AC +2)
You have a slow metabolism.
Your sharp claws are effective at attacking unaware monsters.


Message History

Blork the orc hits you from afar with a +0 halberd.
The adder closely misses you.
Casting: Pain (safe; 1% risk of failure)
Confirm with . or Enter, or press ? or * to list all spells.
Aiming: Pain (safe; 1% risk of failure)
Press: ? - help, Shift-Dir - straight line, f/p - Blork the orc
Aim: Blork the orc, wielding a +0 halberd and wearing a +0 robe (lightly The adder writhes in agony!
You kill the adder!
Blork the orc completely misses you.
Evoke which item? (* to show all) (? for menu, Esc to quit)
Aiming: Paralyse
Press: ? - help, Shift-Dir - straight line, f/p - Blork the orc
Aim: Blork the orc, wielding a +0 halberd and wearing a +0 robe (lightly Blork the orc resists with some effort.
Blork the orc hits you from afar with a +0 halberd!
* * * LOW HITPOINT WARNING * * *
Blork the orc points at you and mumbles some strange words.
The magic dart hits you!
You die...

########...#
####..........#
...............#
..............#######..
.......................
...............######..
..............o.#
.......
..............#.#
#..)....[.
..............#@#
#.........
....##########.#
#......... #.##
#......... #..#
#.........
##.#####.........
#...............
##..###.........
#..#<#.########
##########+#.#.#


You could see Blork the orc.

Vanquished Creatures
  Sigmund (D:3)
  2 bullfrogs (Sewer)
  Crazy Yiuf (D:2)
  Natasha (thrice) (D:2)
  A worker ant (D:4)
  9 river rats (Sewer)
  9 adders
  A worm (D:3)
  2 dart slugs
  2 leopard geckos
  An orc (D:3)
  5 bats
  2 giant cockroaches (D:1)
  3 goblins (D:1)
  3 hobgoblins
  A quokka (D:2)
  8 ball pythons
  7 frilled lizards
  A kobold (D:2)
  23 rats
85 creatures vanquished.

Vanquished Creatures (collateral kills)
  2 river rats (Sewer)
  A worm (D:2)
  4 ball pythons (Sewer)
  5 rats (Sewer)
12 creatures vanquished.

Grand Total: 97 creatures vanquished

Notes
Turn   | Place    | Note
-------+----------+-------------------------------------------
     0 | D:1      | AnimeWaifu the Felid Necromancer began the quest for the
                  | Orb.
     0 | D:1      | Reached XP level 1. HP: 7/7 MP: 4/4
     2 | D:1      | Learned a level 1 spell: Animate Skeleton
   721 | D:1      | Reached XP level 2. HP: 12/12 MP: 4/6
  1541 | D:2      | Found a radiant altar of Vehumet.
  1544 | D:2      | Reached XP level 3. HP: 15/15 MP: 4/7
  1555 | D:2      | Noticed Natasha
  1565 | D:2      | Killed Natasha
  1565 | D:2      | Reached skill level 1 in Fighting
  1565 | D:2      | Reached skill level 1 in Unarmed Combat
  1703 | D:2      | Found a white marble altar of Elyvilon.
  1931 | D:2      | Found an iron altar of Okawaru.
  1960 | D:2      | Noticed Natasha
  1965 | D:2      | Killed Natasha
  1965 | D:2      | Reached XP level 4. HP: 16/19 MP: 4/8
  2129 | D:2      | Found a runed door.
  2133 | D:2      | Noticed Crazy Yiuf
  2145 | D:2      | Killed Crazy Yiuf
  2453 | D:2      | Found a radiant altar of Vehumet.
  2706 | D:2      | Found an iron altar of Okawaru.
  2713 | D:2      | Found a white marble altar of Elyvilon.
  2849 | D:2      | Noticed Natasha
  2854 | D:2      | Killed Natasha
  2854 | D:2      | Reached skill level 5 in Necromancy
  2854 | D:2      | Reached XP level 5. HP: 20/22 MP: 5/9
  3122 | D:2      | Learned a level 3 spell: Vampiric Draining
  3127 | D:2      | Learned a level 4 spell: Animate Dead
  3650 | D:3      | Noticed Sigmund
  3664 | D:3      | Killed Sigmund
  3664 | D:3      | Gained mutation: You are covered in thick fur. (AC +2)
                  | [Felid growth]
  3664 | D:3      | Reached XP level 6. HP: 17/26 MP: 6/11
  3824 | D:3      | Found a glowing drain.
  3834 | Sewer    | Entered a sewer
  4774 | Sewer    | HP: 1/27 [bullfrog (4)]
  4774 | Sewer    | Slain by a ball python
  4775 | Sewer    | Reached XP level 5. HP: 0/23 MP: 5/10
  4801 | Sewer    | Reached skill level 6 in Necromancy
  4801 | Sewer    | Reached XP level 6. HP: 12/27 MP: 4/12
  5475 | D:4      | Noticed Blork the orc
  5494 | D:4      | Killed from afar by Blork the orc

Vault maps used:
D:1:      lemuel_arrival_behind_the_door_large
D:2:      lemuel_doored_altar, elyvilon_altar_5, fiery_altar_vehumet,
          eino_tiny_chamber, uniq_natasha, uniq_crazy_yiuf_cottage
D:3:      cheibrodos_sewer_entry_bend, uniq_sigmund
D:4:      grunt_dithmenos_smoke_and_mirrors, kennysheep_mini_moat,
          minmay_temple_entry_mini_moons, uniq_blork_the_orc
Sewer:    sewer_minmay_w

Skill      XL: |  1  2  3  4  5  6 |
---------------+-------------------+-----
Dodging        | 3 4 |  4.8
Fighting       | 1 2 |  2.8
Unarmed Combat | 1 2 |  2.7
Necromancy     | 5 6 |  6.1
Spellcasting   | 3 |  3.4
Stealth        | |  2.6

Action                   |  1- 3 |  4- 6 || total
-------------------------+-------+-------++-------
Melee: Unarmed           |    14 |    39 ||    53
       Bite              |     2 |     4 ||     6
 Cast: Pain              |    46 |    97 ||   143
       Animate Skeleton  |    11 |    29 ||    40
       Vampiric Draining |       |    10 ||    10
Evoke: Wand              |       |     9 ||     9
  Use: Scroll            |     1 |     8 ||     9
 Stab: Sleeping          |     6 |     3 ||     9
       Paralysed         |       |     4 ||     4
  Eat: Chunk             |    10 |    13 ||    23
Armor: Skin              |       |    11 ||    11
Dodge: Dodged            |    24 |   156 ||   180

Table legend:
 A = Non-vault XP
 B = Vault XP
 C = Vault XP percentage of total XP
 D = Non-vault monster count
 E = Vault monster count
 F = Vault count percentage of total count
                 A         B        C        D         E       F
            +---------+---------+-------+---------+---------+-------
      Total |     214 |     660 |  75.5 |      45 |      52 |  53.6
            +---------+---------+-------+---------+---------+-------
        D:1 |      31 |       0 |   0.0 |      18 |       0 |   0.0
        D:2 |      98 |      70 |  41.7 |      16 |       2 |  11.1
        D:3 |      38 |     180 |  82.6 |       9 |       2 |  18.2
        D:4 |      47 |       0 |   0.0 |       2 |       0 |   0.0
      Sewer |       0 |     410 | 100.0 |       0 |      48 | 100.0
            +---------+---------+-------+---------+---------+-------
